 Dungeon Crawl Stone Soup version 0.29-a0-23-ga79f92ac9c (webtiles) character file.

Game seed: 17950360028481604242

646 willcat the Sneak (level 7, -1/54 HPs)
             Began as a Human Delver on Jan 30, 2022.
             Was an Initiate of the Shining One.
             Succumbed to a scorpion's poison
             ... on level 6 of the Dungeon.
             The game lasted 00:05:12 (2795 turns).

willcat the Sneak (Human Delver)                    Turns: 2795, Time: 00:05:13

Health: -1/54      AC:  3    Str: 13    XL:     7   Next: 82%
Magic:  1/7        EV: 13    Int: 12    God:    the Shining One [......]
Gold:   26         SH:  0    Dex: 14    Spells: 6/6 levels left

rFire   . . .      SeeInvis .   j - +1 spear (venom)
rCold   . . .      Faith    .   (no shield)
rNeg    . . .      Spirit   +   a - +0 leather armour
rPois   .          Reflect  .   (no helmet)
rElec   .          Harm     .   (no cloak)
rCorr   .          Rampage  .   (no gloves)
Will    .....                   (no boots)
Stlth   +.........              h - amulet of guardian spirit
HPRegen 0.18/turn               (no ring)
MPRegen 0.10/turn               (no ring)

@: lethally poisoned (-1 -> -10), glowing
A: no striking features
a: Renounce Religion


You were on level 6 of the Dungeon.
You worshipped the Shining One.
The Shining One was noncommittal.
You visited 2 branches of the dungeon, and saw 4 of its levels.

You collected 26 gold pieces.

Inventory:

Hand Weapons
 e - a +0 glaive
 j - a +1 spear of venom (weapon)
Armour
 a - a +0 leather armour (worn)
Jewellery
 h - an amulet of guardian spirit (around neck)
 i - a ring of willpower
Wands
 f - a wand of digging (3)
 k - a wand of iceblast (6)
Scrolls
 b - a scroll of fog
 c - a scroll of magic mapping
 l - a scroll of identify {unknown}


   Skills:
 - Level 4.2 Fighting
 + Level 2.9 Polearms
 + Level 2.9 Armour
 - Level 3.7 Dodging
 - Level 6.0 Stealth
 - Level 3.6 Unarmed Combat
 - Level 1.1 Evocations


You had 6 spell levels left.
You didn't know any spells.
Your spell library was empty.

Dungeon Overview and Level Annotations

Branches:
Dungeon (7/15)             Temple (1/1) D:7

Altars:
Ashenzari
Dithmenos
Elyvilon
Fedhas
Hepliaklqana
Kikubaaqudgha
Makhleb
Nemelex Xobeh
Okawaru
Ru
Sif Muna
Trog
Vehumet
Wu Jian
Xom
The Shining One


Message History

You hit the wyvern zombie.
The wyvern zombie is severely damaged.
The wyvern zombie bites you!
* * * LOW HITPOINT WARNING * * *
Unknown command.
You feel yourself speed up.
The wyvern zombie completely misses you.
A sky beast comes into view.
A scorpion comes into view.
There is an escape hatch in the ceiling here.
A mysterious force pulls you upwards. The hatch slams shut behind you.
A steam dragon comes into view.
You start resting.
Your extra speed is starting to run out.
You start resting.
A steam dragon is nearby!
You barely miss the scorpion. The scorpion stings you.
* * * LOW HITPOINT WARNING * * *
You hit the scorpion but do no damage.
The scorpion is poisoned.
The scorpion stings you.
* * * LOW HITPOINT WARNING * * *
You are lethally poisoned!
The scorpion poisons you!
You barely miss the scorpion.
* * * LOW HITPOINT WARNING * * *
You feel sick. The scorpion stings you!
* * * LOW HITPOINT WARNING * * *
Unknown command.
You aren't carrying any potions.
As you read the scroll of fear, it crumbles to dust.
You assume a fearsome visage.
The scorpion looks frightened!
The steam dragon looks frightened!
You feel yourself slow down.
* * * LOW HITPOINT WARNING * * *
You feel sick.
Unknown command.
You hit the scorpion.
The scorpion looks as sick as possible!
Your attack snaps the scorpion out of its fear.
The scorpion is heavily wounded.
You die...

#. #.# #. #.# # #.
#.# #.# #. #.#
##.####. #.#
....... #.# #...#
#.#####.## #.###s#
#.###........
#.##@#
#.#.#.......
#D#.## #..#...####
#.#.# #.####.# #
#.#D## ##..#...# #
#.##.## ##...#.#.#
#
#.###.###......#.#
#
#.####D....###.#.#
#.........## ##..#
######....# #Y.#


You could see a steam dragon (fleeing) and a scorpion (fleeing, extremely
poisoned).

Vanquished Creatures
  A wyvern (D:7)
  A necrophage (D:6)
  A phantom (Temple)
  A centaur (D:7)
  A bullfrog (Temple)
  A scorpion (D:6)
  A centaur skeleton (D:7)
  A gnoll shaman (Temple)
  An orc wizard (D:7)
  4 gnolls
  A shadow imp (D:6)
  4 orcs
18 creatures vanquished.

Vanquished Creatures (others)
  13 plants (D:7)
13 creatures vanquished.

Grand Total: 31 creatures vanquished

Notes
Turn   | Place    | Note
-------+----------+-------------------------------------------
     0 | D:5      | willcat the Human Delver began the quest for the Orb.
     0 | D:5      | Reached XP level 1. HP: 18/18 MP: 1/1
    44 | D:6      | Noticed a hound
    71 | D:6      | Noticed a sky beast
    85 | D:6      | Noticed a scorpion
   106 | D:5      | Noticed an orc priest
   110 | D:5      | Noticed an orc wizard
   116 | D:6      | Noticed a scorpion
   131 | D:6      | Reached XP level 2. HP: 24/24 MP: 2/2
   149 | D:6      | Killed a scorpion
   150 | D:6      | Reached XP level 3. HP: 11/29 MP: 3/3
   150 | D:6      | Reached XP level 4. HP: 14/35 MP: 4/4
   363 | D:6      | Noticed a necrophage
   379 | D:6      | Killed a necrophage
   380 | D:6      | Reached XP level 5. HP: 42/42 MP: 5/5
   385 | D:6      | Noticed an ice beast
   395 | D:7      | Noticed a centaur
   402 | D:7      | Found a staircase to the Ecumenical Temple.
   413 | D:7      | Killed a centaur
   414 | D:7      | Reached XP level 6. HP: 12/48 MP: 2/6
   424 | Temple   | Entered the Ecumenical Temple
   470 | Temple   | Reached skill level 6 in Stealth
   980 | Temple   | Became a worshipper of the Shining One
  1123 | Temple   | Reached skill level 1 in Evocations
  1493 | Temple   | Reached XP level 7. HP: 36/54 MP: 4/7
  1596 | D:7      | Reached skill level 1 in Polearms
  1596 | D:7      | Reached skill level 1 in Armour
  1826 | D:7      | Noticed a wyvern
  2014 | D:7      | Killed a wyvern
  2032 | D:7      | HP: 1/54 [orc (6)]
  2421 | D:7      | Found a hazy altar of Hepliaklqana.
  2422 | D:7      | Found a shimmering altar of Xom.
  2423 | D:7      | Noticed a spectral ugly thing
  2770 | D:6      | Noticed a steam dragon
  2794 | D:6      | HP: 1/54 [poisoned by a scorpion]
  2795 | D:6      | Succumbed to a scorpion's poison

Illustrated notes

Levels and vault maps discovered:
D:5:      layout_rooms, dk_yredelemnul_ordeal, sigmund_edmund_badplayer
D:6:      layout_loops_ring, ebering_dispersal_statue_hall, uniq_menkaure,
          uniq_sigmund, uniq_edmund
D:7:      layout_loops_ring, regret_index_temple_of_mockery,
          nicolae_qazlal_eye_of_the_storm, mainiacjoe_overflow_boulevard,
          temple_statues, serial_bayou, serial_bayou_crossing,
          serial_bayou_pond_c, serial_bayou_pond_c, serial_bayou_pond_d,
          enter_bailey_2, grunt_ministairs_10, uniq_pikel
Temple:   minmay_temple_curvy_branch

Skill      XL: |  1  2  3  4  5  6  7 |
---------------+----------------------+-----
Dodging        | 3 |  3.7
Unarmed Combat | 3 |  3.6
Fighting       | 4 |  4.2
Stealth        | 6 |  6.0
Evocations     | 1 |  1.1
Polearms       | 2 |  2.9
Armour         | 2 |  2.9

Action                   |  1- 3 |  4- 6 |  7- 9 || total
-------------------------+-------+-------+-------++-------
Melee: Unarmed           |    14 |    15 |       ||    29
       Punch             |     1 |     1 |       ||     2
       Glaive            |       |    29 |    13 ||    42
       Spear             |       |       |    46 ||    46
Throw: Throwing net      |       |     1 |       ||     1
Evoke: Wand              |     5 |    11 |       ||    16
  Use: Potion            |       |     2 |     1 ||     3
       Scroll            |       |       |     1 ||     1
 Stab: Paralysed         |    14 |    11 |       ||    25
Armor: Leather armour    |       |    14 |    10 ||    24
Dodge: Dodged            |     2 |    43 |    52 ||    97

Table legend: (Time is in decaauts)
 A = Elapsed time spent in this place.
 B = Non-inter-level travel time spent in this place.
 C = Inter-level travel time spent in this place.
 D = Time resting spent in this place.
 E = Time spent auto-exploring this place.
 F = Levels seen in this place.
 G = Mean time per level.
                   A        B        C        D        E       F      G
               +--------+--------+--------+--------+--------+-----+--------+
         Total |   2797 |   2710 |     87 |   1533 |    521 |   4 |  699.2 |
       Dungeon |    939 |    939 |      0 |    377 |     78 |   3 |  313.0 |
        Temple |   1858 |   1771 |     87 |   1156 |    443 |   1 | 1858.0 |
               +--------+--------+--------+--------+--------+-----+--------+

Top non-repeatable levels by time:
  Temple: 1858 daAuts
     D:6: 634 daAuts
     D:7: 263 daAuts
     D:5: 41 daAuts
